 Dungeon Crawl Stone Soup version 0.19.5 (webtiles) character file.

417 Gargoyl the Skirmisher (level 6, -4/53 HPs)
             Began as a Ghoul Abyssal Knight on Apr 24, 2017.
             Was a Believer of Lugonu.
             Slain by EvilAshe's ghost (6 damage)
             ... on level 3 of the Dungeon.
             The game lasted 00:07:38 (3833 turns).

Gargoyl the Skirmisher (Ghoul Abyssal Knight)       Turns: 3833, Time: 00:07:39

Health: -4/53      AC:  7    Str: 16    XL:     6   Next: 93%
Magic:  7/7        EV:  6    Int:  7    God:    Lugonu [**....]
Gold:   147        SH:  4    Dex: 10    Spells: 0 memorised, 5 levels left

rFire  . . .     SeeInvis +     a - +3 hand axe
rCold  + . .     Gourm    .     k - +0 scale mail
rNeg   + + +     Faith    .     h - +1 buckler
rPois  ∞         Spirit   .     (no helmet)
rElec  .         Reflect  .     (no cloak)
rCorr  .         Harm     .     (no gloves)
MR     .....                    (no boots)
Stlth  ..........               (no amulet)
                                d - -3 ring of evasion
                                f - ring of see invisible

@: rotting
A: rotting body, claws 1, carnivore 3, cold resistance 1, negative energy
resistance 3, slow regeneration 1, torment resistance, unbreathing
a: Depart the Abyss, Bend Space, Renounce Religion


You were on level 3 of the Dungeon.
You worshipped Lugonu.
Lugonu was pleased with you.
You were not hungry.

You visited 1 branch of the dungeon, and saw 4 of its levels.
You visited the Abyss 1 time.

You collected 147 gold pieces.

Inventory:

Hand Weapons
 a - a +3 hand axe (weapon)
Armour
 h - a +1 buckler (worn)
 k - a +0 scale mail (worn)
Jewellery
 d - a -3 ring of evasion (right claw)
 f - a ring of see invisible (left claw)
Scrolls
 j - a scroll of identify
Books
 b - a book of Cantrips

   Spells                             Type                      Level
   a - Confusing Touch                Hexes                        1
   b - Animate Skeleton               Necromancy                   1
   c - Summon Small Mammal            Summoning                    1
   d - Apportation                    Translocation                1
 e - a book of Dreams

   Spells                             Type                      Level
   a - Ensorcelled Hibernation        Hexes/Ice                    2
   b - Silence                        Hexes/Air                    5
   c - Darkness                       Hexes                        6
   d - Shadow Creatures               Summoning                    6
Comestibles
 c - 3 meat rations
 g - 2 chunks of flesh


   Skills:
 + Level 4.6 Fighting
 + Level 2.9 Axes
 * Level 3.9 Armour
 + Level 2.1 Dodging
 + Level 0.5 Shields
 * Level 3.8 Invocations


You had 5 spell levels left.
You didn't know any spells.

Dungeon Overview and Level Annotations

Branches:
Dungeon (4/15)
 Temple: D:4-7

Altars:

Shops:
D:4 :

Annotations:
D:3 EvilAshe's ghost, amateur OgWz; Sigmund


Innate Abilities, Weirdness & Mutations

Your body is rotting away.
You thrive on raw meat.
You are immune to poison.
You have sharp fingernails.
You are carnivorous and can eat meat at any time.
Your flesh is cold resistant. (rC+)
You are immune to negative energy. (rN+++)
You regenerate slowly when monsters are visible.
You are immune to unholy pain and torment.
You can survive without breathing.


Message History

You block EvilAshe's ghost's attack.
You barely miss EvilAshe's ghost.
EvilAshe's ghost is severely damaged.
EvilAshe's ghost barely misses you.
EvilAshe's ghost shrieks, "You will join me soon!"
EvilAshe's ghost hits you!
* * * LOW HITPOINT WARNING * * *
You hit EvilAshe's ghost.
EvilAshe's ghost is severely damaged.
EvilAshe's ghost hits you but does no damage.
You closely miss EvilAshe's ghost.
EvilAshe's ghost is severely damaged.
You block EvilAshe's ghost's attack.
You hit EvilAshe's ghost.
EvilAshe's ghost is severely damaged.
EvilAshe's ghost hits you but does no damage.
You slash EvilAshe's ghost!
EvilAshe's ghost is almost destroyed.
EvilAshe's ghost hits you.
You die...

### ## #.. .. #.# #. #.#
#. ####### #.# #######.
#..@W.###.###....r.W
#######.###.##..........>.
..........#.##..###.#####.
#######.#.#.##..# #.# #.
#.....##..###.#####.
###...............#.
#..###..###....... #..#
#............
#..###.####..W$...


You could see EvilAshe's ghost.

Vanquished Creatures
  An ogre (D:4)
  A scorpion (D:4)
  An orc priest (D:2)
  An orc wizard (D:3)
  Ijyb (D:3)
  2 worker ants
  3 gnolls (D:3)
  2 adders
  2 oozes (D:1)
  A worm (D:2)
  5 dart slugs
  3 leopard geckos
  An orc (D:2)
  2 giant cockroaches
  8 goblins
  5 hobgoblins
  13 jackals
  9 kobolds
  2 quokkas
  2 ball pythons
  4 bats (D:1)
  4 frilled lizards
  7 rats
80 creatures vanquished.

Notes
Turn   | Place    | Note
-------+----------+-------------------------------------------
     0 | Abyss:1  | Gargoyl the Ghoul Abyssal Knight began the quest for the Orb.
     0 | Abyss:1  | Reached XP level 1. HP: 19/19 MP: 1/1
    46 | Abyss:2  | Noticed a ynoxinul
    55 | D:1      | Escaped the Abyss
   184 | D:1      | Reached XP level 2. HP: 13/26 MP: 2/2
   204 | D:1      | HP: 1/26 [leopard gecko (2)]
   293 | D:1      | Reached * piety under Lugonu
   297 | D:1      | Reached XP level 3. HP: 25/33 MP: 3/3
   368 | D:1      | Reached skill level 1 in Dodging
   874 | D:1      | Reached skill level 4 in Fighting
  1215 | D:2      | Reached XP level 4. HP: 40/40 MP: 4/4
  1497 | D:2      | Reached ** piety under Lugonu
  1804 | D:2      | Reached XP level 5. HP: 25/46 MP: 6/6
  1953 | D:3      | Noticed Sigmund
  1954 | D:3      | Noticed EvilAshe's ghost (amateur OgWz)
  2427 | D:4      | Reached XP level 6. HP: 44/52 MP: 7/7
  2550 | D:4      | Found Pemeselo's Book Emporium.
  2746 | D:3      | Noticed Ijyb
  2783 | D:3      | Killed Ijyb
  3829 | D:3      | HP: 1/53 [EvilAshe's ghost (8)]
  3833 | D:3      | Slain by EvilAshe's ghost

Skill      XL: |  1  2  3  4  5 |
---------------+----------------+-----
Armour         | 2 3 |  3.9
Axes           | 2 |  2.9
Dodging        | 1 2 |  2.1
Fighting       | 4 |  4.6
Invocations    | 3 |  3.8
Shields        | |  0.5

Action                   |  1- 3 |  4- 6 || total
-------------------------+-------+-------++-------
Melee: Hand axe          |   115 |   272 ||   387
Invok: Depart the Abyss  |     1 |       ||     1
  Use: Scroll            |     4 |     7 ||    11
       Potion            |       |     7 ||     7
  Eat: Chunk             |    19 |    28 ||    47
Armor: Leather armour    |    21 |       ||    21
       Ring mail         |    34 |    64 ||    98
       Scale mail        |       |    40 ||    40
Dodge: Dodged            |    79 |   111 ||   190
Block: Buckler           |     7 |    48 ||    55
